 Dungeon Crawl Stone Soup version 0.25-a0-10-g2fe12d4386 (webtiles) character file.

Game seed: 11460235453881363700, levelgen mode: deterministic

24 MalarOregon the Conjurer (level 2, -2/23 HPs)
             Began as a Draconian Conjurer on Oct 15, 2019.
             Slain by a sky beast (6 damage)
             ... on level 2 of the Dungeon.
             The game lasted 00:01:35 (1140 turns).

MalarOregon the Conjurer (Draconian Conjurer)       Turns: 1140, Time: 00:01:36

Health: -2/23      AC:  5    Str: 10    XL:     2   Next: 79%
Magic:  1/5        EV: 12    Int: 15    God:
Gold:   63         SH:  0    Dex: 11    Spells: 4/5 levels left

rFire    . . .     SeeInvis .   g - +0 hand axe (elec)
rCold    . . .     Gourm    .   (no shield)
rNeg     . . .     Faith    .   (armour unavailable)
rPois    .         Spirit   .   (helmet restricted)
rElec    .         Reflect  .   a - +0 cloak
rCorr    .         Harm     .   (no gloves)
MR       .....                  (no boots)
Stlth    ++........             (no amulet)
HPRegen  0.07/turn              (no ring)
MPRegen  0.09/turn              (no ring)

@: no status effects
A: unfitting armour, cold-blooded, AC +4
a: no special abilities


You were on level 2 of the Dungeon.
You were not hungry.

You visited 1 branch of the dungeon, and saw 2 of its levels.

You collected 63 gold pieces.

Inventory:

Hand Weapons
 g - a +0 hand axe of electrocution (weapon)
   (You found it on level 1 of the Dungeon)
Missiles
 m - 20 poisoned darts (quivered)
 n - 69 stones
 o - 13 bolts
Armour
 a - a +0 cloak (worn)
   (You found it on level 1 of the Dungeon)
 d - a +0 shield
   (You found it on level 1 of the Dungeon)
Jewellery
 h - an uncursed ring of magical power {unknown}
   (You found it on level 1 of the Dungeon)
Scrolls
 b - a scroll of enchant weapon {unknown}
 c - 2 scrolls of identify {unknown}
 i - a scroll of fear {unknown}
 l - a scroll of teleportation {unknown}
Potions
 f - a potion of haste {unknown}
 j - a potion of agility {unknown}
Comestibles
 e - 4 rations {!d}
 k - a chunk of flesh


   Skills:
 + Level 1.1 Fighting
 + Level 2.1 Dodging
 - Level 1.7 Stealth
 + Level 0.3 Shields
 + Level 2.3 Spellcasting
 + Level 4.2 Conjurations


You had 4 spell levels left.
You knew the following spells:

 Your Spells              Type           Power        Failure   Level  Hunger
a - Magic Dart            Conj           ##..         3%          1    #......

Your spell library contained the following spells:

 Spells                   Type           Power        Failure   Level  Hunger
 Searing Ray              Conj           ##....       6%          2    ###....
 Dazzling Spray           Conj/Hex       #.....       26%         3    ###....
 Iskenderun's Mystic Bla  Conj           ##......     36%         4    #####..
 Force Lance              Conj/Tloc      #.......     65%         4    #####..
 Fulminant Prism          Conj/Hex       #.........   65%         4    #####..


Dungeon Overview and Level Annotations

Branches:
Dungeon (2/15)

Altars:


Innate Abilities, Weirdness & Mutations

Your plain brown scales are hard. (AC +4)
You cannot fit into any form of body armour.
You are cold-blooded and may be slowed by cold attacks.


Message History

No target in view!
No target in view!
No target in view!
No target in view!
No target in view!
A sky beast comes into view.
A sky beast is nearby!
A sky beast is nearby!
A sky beast is nearby!
A leopard gecko comes into view.
The leopard gecko hisses angrily.
Found a stone staircase leading down.
The leopard gecko barely misses you.
You hit the leopard gecko.
Lightning courses through the leopard gecko!
You kill the leopard gecko!
The sky beast flickers out of sight!
Deactivating autopickup; reactivate with Ctrl-A.
Something hits you but does no damage.
The magic dart hits something.
Something hits you. Something shocks you.
* * * LOW HITPOINT WARNING * * *
The magic dart hits something.
Something hits you but does no damage.
The magic dart hits something but does no damage.
Something hits you but does no damage.
The magic dart hits something but does no damage.
Something hits you but does no damage.
The magic dart hits something but does no damage.
Something hits you.
* * * LOW HITPOINT WARNING * * *
Something shocks you.
* * * LOW HITPOINT WARNING * * *
Throwing (i - inventory. (/) - cycle)
m - 21 poisoned darts (quivered)
Okay, then.
A sky beast appears from thin air!
Reactivating autopickup.
The sky beast flickers out of sight!
Deactivating autopickup; reactivate with Ctrl-A.
A sky beast appears from thin air!
Reactivating autopickup.
Throwing (i - inventory. (/) - cycle)
m - 21 poisoned darts (quivered)
Aim: a sky beast (moderately wounded)
You throw a poisoned dart.
The poisoned dart barely misses the sky beast.
The sky beast hits you.
* * * LOW HITPOINT WARNING * * *
The sky beast shocks you.
You die...

.......#.## #...#
###....#.# #...#
.......#.# ##.##
.##....#.###########.#
......#...§..#......#
#######
.##.>..#.####.#.####.#
#.....# #.####.....§#.#
#÷# #.###.#
#.#.##Y#.####.###.#.#.#
#.#.##@#........#.#...#
#.#...........#.#<#.#.#
#.#############.#.#.#.#
#. #.#...#.# #.#.#.#.#
#...##### #####


You could see a sky beast.

Vanquished Creatures
  A worm (D:2)
  A dart slug (D:1)
  4 leopard geckos
  A bat (D:1)
  A giant cockroach (D:1)
  3 hobgoblins (D:1)
  A kobold (D:1)
  A frilled lizard (D:1)
  A rat (D:1)
14 creatures vanquished.

Notes
Turn   | Place    | Note
-------+----------+-------------------------------------------
     0 | D:1      | MalarOregon the Draconian Conjurer began the quest for the
                  | Orb.
     0 | D:1      | Reached XP level 1. HP: 14/14 MP: 3/3
   228 | D:1      | Reached XP level 2. HP: 14/22 MP: 5/5
  1083 | D:2      | Reached skill level 1 in Fighting
  1114 | D:2      | Noticed a sky beast
  1140 | D:2      | Slain by a sky beast

Levels and vault maps discovered:
D:1:      wheals_arrival_shading, layout_basic
D:2:      layout_basic

Skill      XL: |  1  2 |
---------------+-------+-----
Dodging        | 2 |  2.1
Fighting       | 1 |  1.1
Stealth        | |  1.7
Shields        | |  0.3
Spellcasting   | |  2.3
Conjurations   | |  4.2

Action                   || total
-------------------------++-------
Melee: Hand axe          ||    31
       Unarmed           ||     5
       Tailslap          ||     4
Throw: Dart              ||     1
 Cast: Magic Dart        ||    10
  Eat: Chunk             ||     1
Armor: Skin              ||    13
Dodge: Dodged            ||    22

Table legend:
 A = Non-vault XP
 B = Vault XP
 C = Vault XP percentage of total XP
 D = Non-vault monster count
 E = Vault monster count
 F = Vault count percentage of total count
                 A         B        C        D         E       F
            +---------+---------+-------+---------+---------+-------
      Total |      35 |       0 |   0.0 |      14 |       0 |   0.0
            +---------+---------+-------+---------+---------+-------
        D:1 |      24 |       0 |   0.0 |      11 |       0 |   0.0
        D:2 |      11 |       0 |   0.0 |       3 |       0 |   0.0
            +---------+---------+-------+---------+---------+-------
